 Dungeon Crawl Stone Soup version 0.21-a0-265-gb353147 (webtiles) character file.

478 Jail the Skirmisher (level 7, -1/74 HPs)
             Began as an Ogre Gladiator on Sept 10, 2017.
             Slain by a gnoll
             ... wielding a +0 spear
              (11 damage)
             ... on level 3 of the Dungeon.
             The game lasted 00:14:53 (4582 turns).

Jail the Skirmisher (Ogre Gladiator)                Turns: 4582, Time: 00:14:54

Health: -1/74      AC:  4    Str: 20    XL:     7   Next: 11%
Magic:  7/7        EV: 10    Int:  9    God:
Gold:   160        SH:  0    Dex: 11    Spells: 6/6 levels left

rFire    . . .     SeeInvis .   t - +1 whip (drain)
rCold    . . .     Gourm    .   (no shield)
rNeg     . . .     Faith    .   b - +0 robe
rPois    .         Spirit   .   c - +1 hat
rElec    .         Reflect  .   (no cloak)
rCorr    .         Harm     .   (gloves unavailable)
MR       .....                  (boots unavailable)
Stlth    +.........             (no amulet)
HPRegen  0.22/turn              (no ring)
MPRegen  0.10/turn              (no ring)

@: no status effects
A: unfitting armour, tough skin 1
a: no special abilities


You were on level 3 of the Dungeon.
You were hungry.

You visited 1 branch of the dungeon, and saw 3 of its levels.
You also visited: Sewer.

You collected 160 gold pieces.

Inventory:

Hand Weapons
 a - a +0 flail
 d - a +0 antimagic whip
 l - a +2 vampiric spear
 t - a +1 whip of draining (weapon)
Missiles
 g - a throwing net (quivered)
 u - 3 javelins
 w - 97 stones
Armour
 b - a +0 robe (worn)
 c - a +1 hat (worn)
Scrolls
 o - 3 scrolls of noise
 q - a scroll of enchant armour
Potions
 e - a potion of brilliance
 k - 2 potions of flight
Comestibles
 f - 3 bread rations
 i - 2 meat rations


   Skills:
 + Level 5.8 Fighting
 + Level 4.6 Maces & Flails
 + Level 4.4 Throwing
 - Level 3.1 Dodging


You had 6 spell levels left.
You didn't know any spells.

Dungeon Overview and Level Annotations

Branches:
Dungeon (3/15)

Altars:
Elyvilon
Trog


Innate Abilities, Weirdness & Mutations

You are too large for most types of armour.
You have tough skin. (AC +1)


Message History

* * * LOW HITPOINT WARNING * * *
The gnoll hits you from afar with a spear!
* * * LOW HITPOINT WARNING * * *
The gnoll closely misses you.
The gnoll hits you from afar with a spear.
* * * LOW HITPOINT WARNING * * *
You feel better. The gnoll barely misses you.
The gnoll hits you from afar with a spear.
* * * LOW HITPOINT WARNING * * *
You feel better.
The gnoll hits you from afar with a spear.
* * * LOW HITPOINT WARNING * * *
The gnoll hits you from afar with a halberd!
* * * LOW HITPOINT WARNING * * *
The gnoll hits you but does no damage.
You feel better.
The gnoll hits you from afar with a halberd.
* * * LOW HITPOINT WARNING * * *
The gnoll hits you from afar with a spear!
You die...

..........>...#...########..####.
#.....P..........................
#....≈≈≈≈≈≈≈≈≈≈≈≈≈≈≈≈≈≈≈....≈≈≈≈≈
#....≈≈≈≈≈≈≈≈≈≈≈≈≈≈≈≈≈≈≈....≈≈≈≈≈
#....≈≈#####≈≈≈≈≈≈≈≈≈≈≈)[...≈≈≈≈≈
#....≈≈#...#.................))..
#....≈≈#...#############')''#####
#...P≈≈###'#..g........#....#....
#...)≈≈≈.#.'..gg@......'....'....
#....≈≈≈.#.#...........#....#....
#....≈≈≈.#)######################
#....≈≈≈.#g.....#,+,,,,,,,,,,,,,,
#....≈≈≈.#......#,*,,,,,,,,,,,,,,
#....≈≈≈.#.###g##,*,,,,,,,,,,,,,,
#.P..≈≈≈.#.#,...#,*,,,,,,,,,,,,,,
#....≈≈≈.#.#,,..#**+************+
#...)≈≈###'#,,,.'.,,,,,,,**,,,,,,


You could see 3 gnolls.

Vanquished Creatures
  A big kobold (Sewer)
  2 gnoll shamans (D:3)
  18 gnolls (D:3)
  5 adders
  2 river rats (Sewer)
  6 worms
  A leopard gecko (D:2)
  An orc (D:3)
  4 giant cockroaches
  6 goblins
  12 hobgoblins
  15 jackals
  A quokka (D:2)
  A ball python (D:2)
  8 bats
  4 frilled lizards
  11 kobolds
  6 rats
104 creatures vanquished.

Notes
Turn   | Place    | Note
-------+----------+-------------------------------------------
     0 | D:1      | Jail the Ogre Gladiator began the quest for the Orb.
     0 | D:1      | Reached XP level 1. HP: 22/22 MP: 1/1
   271 | D:1      | Reached skill level 3 in Fighting
   285 | D:1      | Reached XP level 2. HP: 25/31 MP: 2/2
   966 | D:1      | Reached XP level 3. HP: 10/37 MP: 3/3
  1721 | D:2      | Reached XP level 4. HP: 41/48 MP: 4/4
  1827 | D:2      | Found a bloodstained altar of Trog.
  2396 | D:3      | Reached skill level 4 in Fighting
  2563 | D:3      | Found a white marble altar of Elyvilon.
  2766 | D:3      | Found a glowing drain.
  2775 | Sewer    | Entered a sewer
  2791 | Sewer    | Reached XP level 5. HP: 31/54 MP: 5/5
  2976 | Sewer    | Noticed a big kobold
  3060 | Sewer    | Killed a big kobold
  3121 | Sewer    | Found a white marble altar of Elyvilon.
  3336 | D:3      | Reached XP level 6. HP: 65/65 MP: 6/6
  3384 | D:3      | Reached skill level 5 in Fighting
  4455 | D:3      | Reached XP level 7. HP: 54/74 MP: 7/7
  4582 | D:3      | Slain by a gnoll

Vault maps used:
D:1:      nicolae_arrival_washed_ashore
D:2:      bloody_trog
D:3:      lemuel_castle_with_subvaults, lemuel_doored_altar,
          cheibrodos_sewer_entry_drain
Sewer:    sewer_kobolds

Skill      XL: |  1  2  3  4  5  6 |
---------------+-------------------+-----
Fighting       | 3 4 5 |  5.8
Maces & Flails | 3 4 |  4.6
Dodging        | 3 |  3.1
Throwing       | 3 4 |  4.4

Action                   |  1- 3 |  4- 6 |  7- 9 || total
-------------------------+-------+-------+-------++-------
Melee: Flail             |   113 |       |       ||   113
       Whip              |       |   215 |    14 ||   229
       Spear             |       |    10 |       ||    10
Throw: Throwing net      |     1 |     4 |       ||     5
       Stone             |       |    44 |       ||    44
       Javelin           |       |    17 |       ||    17
  Use: Scroll            |       |     8 |       ||     8
       Potion            |       |     6 |     5 ||    11
 Stab: Sleeping          |     1 |       |       ||     1
       Held in net/web   |       |     1 |       ||     1
  Eat: Chunk             |     3 |     9 |       ||    12
       Royal jelly       |       |     2 |       ||     2
Armor: Robe              |    43 |    49 |     4 ||    96
Dodge: Dodged            |    89 |   123 |    14 ||   226

Table legend:
 A = Spawn XP
 B = Non-spawn XP
 C = Spawn XP percentage of total XP
 D = Spawn monster count
 E = Non-spawn monster count
 F = Spawn count percentage of total count
 G = Total turns spent on level
                    A         B        C        D         E        F      G
               +---------+---------+-------+---------+---------+-------+---------
         Total |       0 |     683 |   0.0 |       0 |     104 |   0.0 |  4582
               +---------+---------+-------+---------+---------+-------+---------
           D:1 |       0 |      37 |   0.0 |       0 |      15 |   0.0 |  1236
           D:2 |       0 |      87 |   0.0 |       0 |      27 |   0.0 |  1404
           D:3 |       0 |     412 |   0.0 |       0 |      49 |   0.0 |  1524
         Sewer |       0 |     147 |   0.0 |       0 |      13 |   0.0 |   418
               +---------+---------+-------+---------+---------+-------+---------
